[Event "ICC tourney 2785 (30 10)"]
[Site "Internet Chess Club"]
[Date "2022.01.02"]
[Round "2"]
[White "POWER, SEAN K:KnightHopper"]
[Black "Otawa, Yuto:hidedozyo"]
[Result "0-1"]
[ICCResult "White resigns"]
[WhiteElo "1925"]
[BlackElo "2204"]
[Opening "Scotch: Mieses variation"]
[ECO "C45"]
[NIC "SO.04"]
[Time "14:00:31"]
[PlyCount "98"]
[TimeControl "1800+10"]

1. e4 e5 2. Nf3 Nc6 3. d4 exd4 4. Nxd4 Nf6 5. Nxc6 bxc6 6. e5 Qe7 7. Qe2 Nd5
8. c4 Nb6 9. Nc3 Qe6 10. g3 a5 11. Bd2 Bc5 12. O-O-O Ba6 13. b3 a4 14. Qe4
axb3 15. axb3 Bxf2 16. Bd3 O-O-O 17. Kb2 Kb7 18. Ra1 Ra8 19. Rxa6 Rxa6 20.
c5 Bxc5 21. Bxa6+ Kxa6 22. Ra1+ Kb7 23. Na4 Nxa4+ 24. Qxa4 Qxe5+ 25. Kc1 Qe2
26. b4 Qc4+ 27. Kd1 Bb6 28. Rc1 Qg4+ 29. Kc2 Qe4+ 30. Kb2 Ra8 31. Qb3 Qd5
32. Bc3 f6 33. Re1 Qxb3+ 34. Kxb3 d5 35. Re7 Rg8 36. g4 Kc8 37. h4 d4 38.
Bd2 Kd8 39. Re4 Re8 40. Rf4 Kd7 41. g5 Re6 42. Rg4 f5 43. Rf4 g6 44. h5 Re4
45. Rf3 Rh4 46. h6 c5 47. bxc5 Bxc5 48. Kc4 Bd6 49. Kd5 d3 {White resigns}
0-1

[Event "ICC tourney 2785 (30 10)"]
[Site "Internet Chess Club"]
[Date "2022.01.02"]
[Round "2"]
[White "NGUYEN, TIEN:ngthanhthuytien"]
[Black "SHAWKAT, SAIF:saif-shawkat"]
[Result "1/2-1/2"]
[ICCResult "Game drawn by repetition"]
[WhiteElo "2100"]
[BlackElo "1976"]
[Opening "King's Indian: orthodox, 7...Nbd7"]
[ECO "E94"]
[NIC "KI.12"]
[Time "14:00:22"]
[PlyCount "99"]
[TimeControl "1800+10"]

1. Nf3 Nf6 2. c4 g6 3. Nc3 Bg7 4. e4 d6 5. Be2 O-O 6. O-O e5 7. d4 Nbd7 8.
d5 Nc5 9. Qc2 a5 10. b3 Bd7 11. Be3 b6 12. a3 Ng4 13. Bg5 f6 14. Bd2 f5 15.
b4 axb4 16. axb4 Rxa1 17. Rxa1 Nxe4 18. Nxe4 fxe4 19. Ng5 Nxf2 20. Rf1 Nd3
21. Nxe4 Rxf1+ 22. Bxf1 Nf4 23. c5 Bf5 24. cxb6 cxb6 25. g3 Nh3+ 26. Bxh3
Bxh3 27. Qc6 Qf8 28. Nf2 Qf3 29. Nxh3 Qd1+ 30. Kg2 Qxd2+ 31. Nf2 Qxb4 32.
Qe8+ Bf8 33. Qe6+ Kg7 34. Qd7+ Kh8 35. Qf7 Bh6 36. Qe8+ Kg7 37. Qd7+ Kg8 38.
Qe6+ Kf8 39. Qc8+ Kf7 40. Qd7+ Kg8 41. Qe6+ Kf8 42. Ng4 Bg7 43. Qc8+ Kf7 44.
Qd7+ Kf8 45. Qd8+ Kf7 46. Qd7+ Kf8 47. Qd8+ Kf7 48. Qd7+ Kf8 49. Qd8+ Kf7
50. Qd7+ {Game drawn by repetition} 1/2-1/2

[Event "ICC tourney 2785 (30 10)"]
[Site "Internet Chess Club"]
[Date "2022.01.02"]
[Round "2"]
[White "Volkov, Sergey:Volkov"]
[Black "Nguyen, Hoa Duc:leoman"]
[Result "0-1"]
[ICCResult "White resigns"]
[WhiteElo "2573"]
[BlackElo "2465"]
[Opening "Grünfeld: Russian, Prins variation"]
[ECO "D97"]
[NIC "GI.10"]
[Time "14:00:57"]
[PlyCount "110"]
[TimeControl "1800+10"]

1. d4 Nf6 2. c4 g6 3. Nc3 d5 4. Nf3 Bg7 5. Qb3 dxc4 6. Qxc4 O-O 7. e4 Na6 8.
Be2 c5 9. d5 e6 10. O-O exd5 11. exd5 Re8 12. Rd1 Bd7 13. a3 h6 14. h3 Rb8
15. Be3 b5 16. Qd3 Qc8 17. d6 c4 18. Qd2 Nc5 19. Bxh6 Nb3 20. Bxg7 Nxd2 21.
Bxf6 Ne4 22. Nd5 Qc5 23. Rd4 Re6 24. Be7 Bc6 25. Rxe4 Rxe4 26. Nf6+ Kg7 27.
Nxe4 Bxe4 28. Rd1 Re8 29. Bh4 Bc6 30. Bf1 f6 31. Bg3 Bd7 32. Bf4 a5 33. Be3
Rxe3 34. fxe3 Qxe3+ 35. Kh1 Qf2 36. a4 Qxb2 37. Re1 Kh6 38. Re7 c3 39. Bd3
c2 40. Bxc2 Qxc2 41. Rxd7 bxa4 42. Rd8 a3 43. d7 Qd1+ 44. Ng1 Kg7 45. Ra8
Qxd7 46. Rxa5 Qd3 47. Ra7+ Kh6 48. h4 Qb3 49. g4 a2 50. Kg2 a1=Q 51. g5+
fxg5 52. hxg5+ Kxg5 53. Ne2 Qxa7 54. Nf4 Qaa2+ 55. Ne2 Qxe2+ {White resigns}
0-1

[Event "ICC tourney 2785 (30 10)"]
[Site "Internet Chess Club"]
[Date "2022.01.02"]
[Round "3"]
[White "VAKHIDOV, JAKHONGIR:TjkTiger"]
[Black "QUIRKE, JEFFREY L:PawnEatingZombi"]
[Result "1/2-1/2"]
[ICCResult "Game drawn by mutual agreement"]
[WhiteElo "2602"]
[BlackElo "2005"]
[Opening "QGD: exchange, positional line, 5...c6"]
[ECO "D35"]
[NIC "QO.16"]
[Time "16:01:31"]
[PlyCount "23"]
[TimeControl "1800+10"]

1. c4 e6 2. Nc3 d5 3. d4 Nf6 4. cxd5 exd5 5. Bg5 c6 6. e3 h6 7. Bh4 Be6 8.
Bd3 Nbd7 9. Nge2 g5 10. Bg3 Nh5 11. e4 Nxg3 12. Nxg3
{Game drawn by mutual agreement}
1/2-1/2

[Event "ICC tourney 2785 (30 10)"]
[Site "Internet Chess Club"]
[Date "2022.01.02"]
[Round "3"]
[White "Belous, Vladimir:Openyagami"]
[Black "SHEEHAN, ETHAN THOMAS:Chessking2008"]
[Result "1-0"]
[ICCResult "Black checkmated"]
[WhiteElo "2570"]
[BlackElo "2197"]
[Opening "English opening"]
[ECO "A20"]
[NIC "EO.24"]
[Time "16:01:31"]
[PlyCount "81"]
[TimeControl "1800+10"]

1. c4 e5 2. g3 Nf6 3. Bg2 d5 4. cxd5 Nxd5 5. Nf3 Nc6 6. O-O Nb6 7. Nc3 Be7
8. d3 O-O 9. Be3 Be6 10. a3 f6 11. Rc1 Nd5 12. Nxd5 Bxd5 13. Bc5 Bxc5 14.
Rxc5 b6 15. Rc1 Qd7 16. Qc2 Bxf3 17. Bxf3 Nd4 18. Qc4+ Kh8 19. Bxa8 Nxe2+
20. Kg2 Rxa8 21. Qe4 Rd8 22. Qxe2 c5 23. Qe4 h6 24. b4 cxb4 25. axb4 Qxd3
26. Qxd3 Rxd3 27. Rfd1 Rb3 28. Rd7 Rxb4 29. Rcc7 Rg4 30. Rxa7 Kh7 31. Kf3 h5
32. h3 Rg5 33. Ke4 Kh6 34. Rab7 Rg6 35. h4 Rg4+ 36. Kf5 e4 37. Rd8 Kh7 38.
Rbb8 g6+ 39. Kxf6 Rf4+ 40. gxf4 g5 41. Rh8# {Black checkmated} 1-0

[Event "ICC tourney 2785 (30 10)"]
[Site "Internet Chess Club"]
[Date "2022.01.02"]
[Round "3"]
[White "SRIPADA, HAVISH:brilliantnessme"]
[Black "Volkov, Sergey:Volkov"]
[Result "1-0"]
[ICCResult "Black resigns"]
[WhiteElo "1925"]
[BlackElo "2573"]
[Opening "French: Steinitz variation"]
[ECO "C11"]
[NIC "FR.04"]
[Time "16:00:39"]
[PlyCount "53"]
[TimeControl "1800+10"]

1. e4 e6 2. d4 d5 3. Nc3 Nf6 4. e5 Nfd7 5. Nce2 c5 6. c3 Nc6 7. Nf3 Be7 8.
a3 a5 9. Nf4 a4 10. Bd3 Qb6 11. O-O cxd4 12. cxd4 Nxd4 13. Nxd4 Qxd4 14.
Nxe6 Qxe5 15. Re1 fxe6 16. Rxe5 Nxe5 17. Qh5+ Nf7 18. Bb5+ Kf8 19. Be3 g6
20. Qf3 Kg7 21. Rc1 Bd6 22. Bc5 Be5 23. Be7 Ra5 24. Rc7 Rxb5 25. Bd6 Bf6 26.
Be5 Bxe5 27. Rxf7+ {Black resigns} 1-0

[Event "ICC tourney 2785 (30 10)"]
[Site "Internet Chess Club"]
[Date "2022.01.02"]
[Round "3"]
[White "HU, ALEXANDER C:ahu1015"]
[Black "MARKOVIC, GORAN:Goran21"]
[Result "0-1"]
[ICCResult "White resigns"]
[WhiteElo "2034"]
[BlackElo "1931"]
[Opening "Sicilian"]
[ECO "B54"]
[NIC "SI.01"]
[Time "16:00:43"]
[PlyCount "72"]
[TimeControl "1800+10"]

1. e4 c5 2. Nf3 d6 3. d4 cxd4 4. Nxd4 e5 5. Bb5+ Bd7 6. Bxd7+ Qxd7 7. Nf5
Nf6 8. Nc3 Nxe4 9. Nxe4 Qxf5 10. Nxd6+ Bxd6 11. Qxd6 Nc6 12. O-O Rd8 13. Qc5
f6 14. f4 Nd4 15. Be3 b6 16. Qa3 Ne2+ 17. Kh1 exf4 18. Rae1 Qxc2 19. Bxf4
Rd3 20. b3 Kf7 21. Qxa7+ Kg6 22. Qe7 Nd4 23. Bh6 Kxh6 24. Rxf6+ g6 25. Rf4
Rh3 26. gxh3 Qc6+ 27. Qe4 Re8 28. Qxc6 Rxe1+ 29. Rf1 Rxf1+ 30. Kg2 Nxc6 31.
Kxf1 Kg5 32. Ke2 Kh4 33. Kd3 Nb4+ 34. Kc4 Nxa2 35. Kb5 Kxh3 36. Kxb6 Kxh2
{White resigns}
0-1

[Event "ICC tourney 2785 (30 10)"]
[Site "Internet Chess Club"]
[Date "2022.01.02"]
[Round "3"]
[White "HEBDEN, MARK L:mhebden"]
[Black "MATINIAN, NIKITA:gannikus1992"]
[Result "1/2-1/2"]
[ICCResult "Game drawn by mutual agreement"]
[WhiteElo "2505"]
[BlackElo "2504"]
[Opening "Queen's pawn game"]
[ECO "A46"]
[NIC "QP.06"]
[Time "16:00:49"]
[PlyCount "117"]
[TimeControl "1800+10"]

1. d4 Nf6 2. Nf3 e6 3. c3 b6 4. Bg5 Bb7 5. Nbd2 h6 6. Bxf6 Qxf6 7. e4 g5 8.
Bd3 d6 9. O-O Nd7 10. Qe2 g4 11. Ne1 h5 12. f4 Bh6 13. e5 Qe7 14. Be4 d5 15.
Bd3 f5 16. exf6 Nxf6 17. Nc2 O-O-O 18. Rae1 Rde8 19. Bg6 Reg8 20. Bf5 Ne4
21. Nxe4 exf5 22. Ng3 Qxe2 23. Nxe2 h4 24. Ne3 Rf8 25. g3 h3 26. Kf2 Bg7 27.
Rd1 Rh6 28. Nc1 Re6 29. Rfe1 Re4 30. Nd3 c6 31. Ne5 Kc7 32. Ng6 Rf7 33. Nh4
Bc8 34. Nf1 Bf6 35. Nd2 Rxf4+ 36. gxf4 Bxh4+ 37. Kg1 Bxe1 38. Rxe1 c5 39.
Nf1 cxd4 40. cxd4 Ba6 41. Ng3 Bd3 42. Kf2 Kd6 43. Rc1 a5 44. Ke3 Be4 45. b3
Ra7 46. a3 b5 47. Rc5 b4 48. a4 Rc7 49. Rxc7 Kxc7 50. Kd2 Kd6 51. Nh5 Ke6
52. Ng3 Kf6 53. Kc1 Kg6 54. Kd2 Bf3 55. Kc1 Bg2 56. Kd2 Be4 57. Kc1 Bd3 58.
Kd2 Be4 59. Kc1 {Game drawn by mutual agreement} 1/2-1/2

[Event "ICC tourney 2785 (30 10)"]
[Site "Internet Chess Club"]
[Date "2022.01.02"]
[Round "3"]
[White "Windram, James Alexander:Cypsiurus"]
[Black "GUIPI BOPALA, PRINCE ERIC:bopala"]
[Result "1-0"]
[ICCResult "Black resigns"]
[WhiteElo "2043"]
[BlackElo "2100"]
[Opening "Caro-Kann: classical, 6.h4"]
[ECO "B18"]
[NIC "CK.11"]
[Time "16:01:13"]
[PlyCount "119"]
[TimeControl "1800+10"]

1. e4 c6 2. d4 d5 3. Nc3 dxe4 4. Nxe4 Bf5 5. Ng3 Bg6 6. h4 h6 7. Bd3 Bxd3 8.
Qxd3 e6 9. Bd2 Nd7 10. N1e2 Ngf6 11. O-O-O Be7 12. Kb1 O-O 13. Ne4 Nxe4 14.
Qxe4 Nf6 15. Qd3 Qd5 16. f3 h5 17. Bg5 b5 18. Nf4 Qf5 19. Qxf5 exf5 20. Bxf6
Bxf6 21. Nxh5 Be7 22. Nf4 Rad8 23. c3 Rfe8 24. Nd3 Bf6 25. Kc2 Re2+ 26. Rd2
Rde8 27. Kd1 Rxd2+ 28. Kxd2 Kf8 29. g3 Re7 30. Re1 Rxe1 31. Kxe1 Ke7 32. Kf2
Kd6 33. Ke3 g6 34. Nc5 Bg7 35. Nd3 Bh6+ 36. f4 Bg7 37. Ne5 Bxe5 38. fxe5+
Kd5 39. b3 c5 40. Kd3 cxd4 41. cxd4 a6 42. a4 Ke6 43. axb5 axb5 44. Kd2 Kd5
45. Ke3 Ke6 46. Kf4 Kd5 47. Kg5 Kxd4 48. Kf6 Kc3 49. Kxf7 Kxb3 50. e6 Kc2
51. e7 b4 52. e8=Q b3 53. Qc6+ Kb1 54. Kxg6 b2 55. Kxf5 Ka1 56. Qa6+ Kb1 57.
h5 Kc2 58. Qe2+ Kc1 59. Qxb2+ Kxb2 60. h6 {Black resigns} 1-0

[Event "ICC tourney 2785 (30 10)"]
[Site "Internet Chess Club"]
[Date "2022.01.02"]
[Round "3"]
[White "NGUYEN, TIEN:ngthanhthuytien"]
[Black "DONG, KYLE QIYU:Kylechess18"]
[Result "1/2-1/2"]
[ICCResult "Game drawn because neither player has mating material"]
[WhiteElo "2100"]
[BlackElo "1915"]
[Opening "English: symmetrical, Benoni formation"]
[ECO "A31"]
[NIC "QP.11"]
[Time "16:00:41"]
[PlyCount "114"]
[TimeControl "1800+10"]

1. Nf3 Nf6 2. c4 c5 3. d4 e6 4. Nc3 Nc6 5. e4 cxd4 6. Nxd4 Qc7 7. a3 a6 8.
Be2 Be7 9. O-O O-O 10. Be3 d6 11. Rc1 Bd7 12. f3 Rad8 13. Nd5 exd5 14. cxd5
a5 15. dxc6 bxc6 16. Qc2 Rc8 17. Ba6 Rb8 18. Rf2 c5 19. Bd3 Qb7 20. Nf5 Bxf5
21. exf5 Qb3 22. Bf4 Qxc2 23. Rfxc2 Nd5 24. Bg3 Rb6 25. Be4 Nf6 26. Be1 Nxe4
27. fxe4 Bf6 28. Bxa5 Rxb2 29. Bc7 Rxc2 30. Rxc2 Be5 31. a4 Ra8 32. a5 Kf8
33. g4 Ke7 34. h4 Kd7 35. Bb6 Kc6 36. Kf2 Re8 37. Kf3 Bd4 38. g5 Re5 39. Ra2
d5 40. a6 dxe4+ 41. Kf4 Kxb6 42. a7 Re8 43. a8=Q Rxa8 44. Rxa8 e3 45. Kf3 c4
46. Ke2 Kc6 47. Re8 Kd6 48. h5 g6 49. hxg6 hxg6 50. f6 Be5 51. Kxe3 c3 52.
Re7 c2 53. Kd2 Bf4+ 54. Kxc2 Bxg5 55. Rxf7 Ke6 56. Rg7 Kxf6 57. Rxg6+ Kxg6
{Game drawn because neither player has mating material}
1/2-1/2

[Event "ICC tourney 2785 (30 10)"]
[Site "Internet Chess Club"]
[Date "2022.01.02"]
[Round "3"]
[White "YANG, KAIQI:YKQ"]
[Black "Tanenbaum, Zachary:MasterZachary"]
[Result "1-0"]
[ICCResult "Black resigns"]
[WhiteElo "2531"]
[BlackElo "2231"]
[Opening "English: four knights, Nimzovich variation"]
[ECO "A28"]
[NIC "EO.09"]
[Time "16:00:41"]
[PlyCount "77"]
[TimeControl "1800+10"]

1. c4 e5 2. Nc3 Nf6 3. Nf3 Nc6 4. e4 Bb4 5. d3 d6 6. h3 O-O 7. a3 Bc5 8. b4
Bb6 9. Na4 Bd4 10. Rb1 Re8 11. b5 Ne7 12. Nxd4 exd4 13. Be2 c5 14. bxc6 bxc6
15. O-O c5 16. Bf3 Nd7 17. e5 Rb8 18. Rxb8 Nxb8 19. Re1 Be6 20. Bf4 Ng6 21.
Bg3 Nxe5 22. Bxe5 dxe5 23. Nxc5 Nd7 24. Nxe6 Rxe6 25. Qa4 Qc7 26. Rb1 Nc5
27. Qa5 Rb6 28. Rb5 Qb8 29. Rxc5 Rb1+ 30. Kh2 e4+ 31. g3 exf3 32. Rd5 Rb6
33. c5 h5 34. cxb6 h4 35. b7 hxg3+ 36. fxg3 f2 37. Rd8+ Qxd8 38. Qxd8+ Kh7
39. Kg2 {Black resigns} 1-0

[Event "ICC tourney 2785 (30 10)"]
[Site "Internet Chess Club"]
[Date "2022.01.02"]
[Round "3"]
[White "Chin, Spencer:Baseballchamp"]
[Black "POWER, SEAN K:KnightHopper"]
[Result "1-0"]
[ICCResult "Black resigns"]
[WhiteElo "2059"]
[BlackElo "1925"]
[Opening "Sicilian: Alapin's variation (2.c3)"]
[ECO "B22"]
[NIC "SI.46"]
[Time "16:01:12"]
[PlyCount "109"]
[TimeControl "1800+10"]

1. e4 c5 2. c3 d5 3. exd5 Nf6 4. d4 cxd4 5. Bb5+ Bd7 6. Bc4 dxc3 7. Nxc3 g6
8. Qb3 Na6 9. Be3 Bg7 10. d6 O-O 11. Qxb7 Rb8 12. Qxa6 Ng4 13. Bd2 Rxb2 14.
Nf3 Qb8 15. O-O Rc8 16. Rab1 Bxc3 17. Rxb2 Qxb2 18. Bxc3 Qxc3 19. Bb3 Rc6
20. Qxa7 Rxd6 21. Ng5 Qe5 22. f4 Qe2 23. Qa8+ Kg7 24. Qf3 Qxf3 25. Nxf3 e6
26. h3 Ne3 27. Re1 Nf5 28. Ne5 Bb5 29. Rc1 Rd4 30. Rc7 Nd6 31. Bxe6 Rxf4 32.
Bb3 Rf5 33. Nf3 Bd3 34. Rd7 Rf6 35. Ne5 Bf5 36. Ra7 Be6 37. Bxe6 Rxe6 38.
Nf3 Kf6 39. a4 Re7 40. Ra6 Re6 41. Nd4 Ke5 42. Nxe6 fxe6 43. Ra7 h5 44. Rg7
Kf6 45. Rd7 Nc4 46. Rc7 Na5 47. Rc5 Nb3 48. Rb5 Nd4 49. Rb4 Nc6 50. Rb6 Na5
51. Rb5 Nc6 52. a5 Ke7 53. a6 Kd6 54. Rb7 Kc5 55. a7 {Black resigns} 1-0

[Event "ICC tourney 2785 (30 10)"]
[Site "Internet Chess Club"]
[Date "2022.01.02"]
[Round "3"]
[White "Nguyen, Hoa Duc:leoman"]
[Black "ALEKSANDROV, ALEKSEJ:Aleksandrov73"]
[Result "1/2-1/2"]
[ICCResult "Game drawn by repetition"]
[WhiteElo "2465"]
[BlackElo "2552"]
[Opening "Catalan: open, 5.Qa4"]
[ECO "E02"]
[NIC "CA.02"]
[Time "16:00:59"]
[PlyCount "119"]
[TimeControl "1800+10"]

1. d4 Nf6 2. c4 e6 3. g3 d5 4. Bg2 dxc4 5. Qa4+ c6 6. Qxc4 b5 7. Qc2 Bb7 8.
Nf3 Nbd7 9. Ne5 Nxe5 10. dxe5 Nd7 11. O-O Nxe5 12. Nc3 a6 13. Rd1 Qc8 14.
Bg5 f6 15. Bf4 Ng6 16. Bd6 Bxd6 17. Rxd6 f5 18. Qb3 O-O 19. Rxe6 Kh8 20. Rd1
c5 21. Rdd6 c4 22. Qd1 Bxg2 23. Kxg2 f4 24. Qd5 Ra7 25. Ne4 Qa8 26. Qh5 Ne7
27. f3 Nf5 28. Ng5 h6 29. Rc6 Qd8 30. gxf4 Rd7 31. Kh3 Kg8 32. Ne4 Rdf7 33.
Nd6 Nxd6 34. Rcxd6 Qc8 35. e3 Rf6 36. Qd5 Kh8 37. Kg3 Rxe6 38. Rxe6 Rd8 39.
Qe5 Kh7 40. Re7 Rg8 41. f5 Kh8 42. Re6 Kh7 43. Rg6 b4 44. Qe4 Qc7+ 45. Kh3
Qf7 46. Rxa6 c3 47. bxc3 bxc3 48. Rc6 Re8 49. Re6 Rc8 50. Qc2 Qh5+ 51. Kg3
Qg5+ 52. Kf2 Qh4+ 53. Kg2 Qg5+ 54. Kf1 Qh5 55. Kg2 Qg5+ 56. Kh1 Qh5 57. Kg2
Qg5+ 58. Kf1 Qh5 59. Kg2 Qg5+ 60. Kf1 {Game drawn by repetition} 1/2-1/2

[Event "ICC tourney 2785 (30 10)"]
[Site "Internet Chess Club"]
[Date "2022.01.02"]
[Round "3"]
[White "SHAWKAT, SAIF:saif-shawkat"]
[Black "Bernat, David:Zapateado"]
[Result "1-0"]
[ICCResult "Black resigns"]
[WhiteElo "1976"]
[BlackElo "1966"]
[Opening "Sicilian: Hungarian variation"]
[ECO "B27"]
[NIC "SI.43"]
[Time "16:00:40"]
[PlyCount "129"]
[TimeControl "1800+10"]

1. e4 c5 2. Nf3 g6 3. c3 Nf6 4. e5 Nd5 5. d4 cxd4 6. cxd4 Bg7 7. Bc4 Nb6 8.
Bb3 d6 9. Qe2 O-O 10. h3 Nc6 11. O-O Na5 12. Bc2 Be6 13. b3 Nc6 14. Bb2 Rc8
15. Nc3 Nb4 16. Be4 N4d5 17. Nxd5 Bxd5 18. Rac1 Bxe4 19. Qxe4 d5 20. Qe1 Bh6
21. Rxc8 Qxc8 22. Qa5 Qc6 23. Ba3 Re8 24. Ne1 Nd7 25. Nd3 b6 26. Nb4 bxa5
27. Nxc6 e6 28. Bc1 Kg7 29. Bxh6+ Kxh6 30. Nxa7 Ra8 31. Nb5 f6 32. exf6 Nxf6
33. Re1 a4 34. Rxe6 axb3 35. axb3 Ra1+ 36. Kh2 Ne4 37. f3 Nd2 38. Nc3 Rc1
39. Ne2 Rb1 40. Kg3 Rxb3 41. Nf4 Ne4+ 42. Kh2 Nd2 43. Nxd5 Rb1 44. Kg3 Kg7
45. Re7+ Kf8 46. Rxh7 Rb2 47. Nf4 g5 48. Ne6+ Kg8 49. Rg7+ Kh8 50. Rxg5 Nf1+
51. Kf4 Re2 52. Nc5 Ne3 53. g4 Kh7 54. Ne4 Ng2+ 55. Kg3 Ne3 56. h4 Nc2 57.
h5 Rxe4 58. fxe4 Nxd4 59. Rd5 Ne6 60. Rd7+ Kh8 61. Kh4 Nf4 62. e5 Kg8 63.
Kg5 Ne6+ 64. Kf6 Nf4 65. e6 {Black resigns} 1-0

[Event "ICC tourney 2785 (30 10)"]
[Site "Internet Chess Club"]
[Date "2022.01.02"]
[Round "3"]
[White "Otawa, Yuto:hidedozyo"]
[Black "IVANOV, ALEXANDER:marble"]
[Result "1-0"]
[ICCResult "Black forfeits on time"]
[WhiteElo "2204"]
[BlackElo "2396"]
[Opening "Modern defense"]
[ECO "A40"]
[NIC "QO.17"]
[Time "16:00:39"]
[PlyCount "119"]
[TimeControl "1800+10"]

1. d4 g6 2. c4 Bg7 3. Nc3 c5 4. d5 d6 5. e4 e6 6. Bd3 Nf6 7. h3 O-O 8. Nf3
Nbd7 9. O-O e5 10. Bg5 h6 11. Be3 Kh8 12. a3 Ng8 13. Qc2 Ndf6 14. b4 b6 15.
Rfe1 Nh5 16. g4 Nf4 17. Bxf4 exf4 18. e5 dxe5 19. Nxe5 Qh4 20. Bf1 h5 21.
Nf3 Qd8 22. gxh5 Bf5 23. Qd2 Qf6 24. Rac1 g5 25. Ne4 Bxe4 26. Rxe4 Rae8 27.
Rxe8 Rxe8 28. Re1 Rxe1 29. Qxe1 Bf8 30. Bd3 cxb4 31. axb4 Qg7 32. Qe5 Bxb4
33. Qxg5 a5 34. Kg2 a4 35. Qxg7+ Kxg7 36. Nd4 a3 37. Bb1 Kf6 38. Kf3 Bc5 39.
Ne2 Ke5 40. Nxf4 Kd4 41. Ne2+ Kxc4 42. Ba2+ Kd3 43. Bb1+ Kd2 44. Ba2 Nh6 45.
Ng3 f5 46. Kf4 Bd6+ 47. Kg5 Nf7+ 48. Kf6 Nh8 49. Nxf5 Bc7 50. d6 Bd8+ 51.
Kg7 Kc2 52. Kxh8 Kb2 53. Be6 b5 54. Kg7 b4 55. Ne3 a2 56. Nd1+ Ka3 57. Bxa2
Kxa2 58. h6 Kb1 59. h7 Bb6 60. Kf7 {Black forfeits on time} 1-0

[Event "ICC tourney 2785 (30 10)"]
[Site "Internet Chess Club"]
[Date "2022.01.02"]
[Round "3"]
[White "LIANG, YU-CHENG:Yucheng"]
[Black "YAN, RUIYANG:jy2020"]
[Result "0-1"]
[ICCResult "White resigns"]
[WhiteElo "1916"]
[BlackElo "2151"]
[Opening "Nimzo-Indian: 4.e3, main line with ...c5"]
[ECO "E53"]
[NIC "NI.04"]
[Time "16:00:38"]
[PlyCount "142"]
[TimeControl "1800+10"]

1. d4 Nf6 2. c4 e6 3. Nc3 Bb4 4. e3 O-O 5. Bd3 d5 6. Nf3 c5 7. O-O cxd4 8.
exd4 dxc4 9. Bxc4 b6 10. a3 Bxc3 11. bxc3 Bb7 12. Bd3 Nbd7 13. Bg5 Qc7 14.
c4 Ne4 15. Be3 Rad8 16. Re1 f5 17. Ng5 Nxg5 18. Bxg5 Rde8 19. Qb3 Kh8 20.
Bd2 e5 21. Bb4 Rf6 22. dxe5 Nxe5 23. f4 Qc6 24. Bf1 Ng6 25. Rxe8+ Qxe8 26.
Re1 Re6 27. Rxe6 Qxe6 28. Qd3 h6 29. Qd4 Ba6 30. c5 Bxf1 31. Kxf1 bxc5 32.
Bxc5 Nh4 33. Qd8+ Kh7 34. Qxh4 Qc4+ 35. Ke1 Qxc5 36. Qg3 Qc1+ 37. Ke2 Qc2+
38. Ke1 a5 39. Kf1 Qd1+ 40. Kf2 Qd2+ 41. Kf1 a4 42. Qf3 Qc2 43. Qe3 Qb3 44.
Kf2 Kg6 45. Qe8+ Kh7 46. Qe7 Qc2+ 47. Kf3 Qd1+ 48. Kf2 Qd4+ 49. Kf3 Qd5+ 50.
Kf2 Qc6 51. Qe5 Kg6 52. Qe7 Qc2+ 53. Kf3 Qd1+ 54. Kf2 Qd2+ 55. Kf3 Qd5+ 56.
Kf2 Qc6 57. h3 Kh7 58. Qe5 Qc2+ 59. Kf3 Qd3+ 60. Qe3 Qd5+ 61. Kf2 Qd6 62. h4
Qf6 63. g3 Qb2+ 64. Kf3 Qb3 65. Kf2 Qd5 66. Qe8 Qa2+ 67. Kg1 Qxa3 68. Kg2
Qb2+ 69. Kh3 Qc1 70. Kg2 Qc2+ 71. Kh3 Qe4 {White resigns} 0-1

[Event "ICC tourney 2785 (30 10)"]
[Site "Internet Chess Club"]
[Date "2022.01.02"]
[Round "4"]
[White "IVANOV, ALEXANDER:marble"]
[Black "Chin, Spencer:Baseballchamp"]
[Result "1-0"]
[ICCResult "Black resigns"]
[WhiteElo "2396"]
[BlackElo "2059"]
[Opening "Sicilian defense"]
[ECO "B40"]
[NIC "SI.43"]
[Time "18:00:10"]
[PlyCount "27"]
[TimeControl "1800+10"]

1. e4 c5 2. Nf3 e6 3. g3 Nf6 4. e5 Nd5 5. Bg2 Nc6 6. O-O Qc7 7. Re1 g6 8. d4
cxd4 9. Nxd4 Bc5 10. Nb3 Be7 11. Bxd5 exd5 12. Nc3 b6 13. Nxd5 Qd8 14. Bh6
{Black resigns}
1-0

[Event "ICC tourney 2785 (30 10)"]
[Site "Internet Chess Club"]
[Date "2022.01.02"]
[Round "4"]
[White "YAN, RUIYANG:jy2020"]
[Black "MARKOVIC, GORAN:Goran21"]
[Result "1-0"]
[ICCResult "Black checkmated"]
[WhiteElo "2151"]
[BlackElo "1931"]
[Opening "Sicilian"]
[ECO "B54"]
[NIC "SI.01"]
[Time "18:00:09"]
[PlyCount "79"]
[TimeControl "1800+10"]

1. e4 c5 2. Nf3 d6 3. d4 cxd4 4. Nxd4 e5 5. Nb3 Nf6 6. Bd3 Nc6 7. c4 Be7 8.
Nc3 O-O 9. O-O a5 10. Bd2 a4 11. Nc1 a3 12. b3 Nd4 13. N1e2 g6 14. Nxd4 exd4
15. Ne2 Ng4 16. Nxd4 Bf6 17. Bc3 Qb6 18. Be2 h5 19. h3 Nh6 20. Qd2 Kh7 21.
Nb5 Bxc3 22. Nxc3 Be6 23. Rad1 Rad8 24. Kh1 f5 25. f4 fxe4 26. Nxe4 Kg8 27.
Ng5 d5 28. c5 Qc6 29. Bf3 Nf5 30. Rfe1 Ng3+ 31. Kh2 Ne4 32. Bxe4 dxe4 33.
Qxd8 Rxd8 34. Rxd8+ Kg7 35. Rd6 Qb5 36. Rxe6 Qxc5 37. R1xe4 Qc2 38. Re7+ Kf8
39. Rf7+ Kg8 40. Re8# {Black checkmated} 1-0

[Event "ICC tourney 2785 (30 10)"]
[Site "Internet Chess Club"]
[Date "2022.01.02"]
[Round "4"]
[White "DONG, KYLE QIYU:Kylechess18"]
[Black "HU, ALEXANDER C:ahu1015"]
[Result "0-1"]
[ICCResult "White resigns"]
[WhiteElo "1915"]
[BlackElo "2034"]
[Opening "King's Indian, 3.Nf3"]
[ECO "D94"]
[NIC "GI.09"]
[Time "18:00:09"]
[PlyCount "114"]
[TimeControl "1800+10"]

1. d4 Nf6 2. Nf3 g6 3. c4 Bg7 4. e3 O-O 5. Nc3 d5 6. cxd5 Nxd5 7. Bc4 Nb6 8.
Bb3 Nc6 9. O-O e5 10. dxe5 Nxe5 11. Nxe5 Bxe5 12. Qxd8 Rxd8 13. e4 Bd7 14.
Be3 Bc6 15. Rad1 Bxc3 16. bxc3 Bxe4 17. Bd4 a5 18. Rfe1 a4 19. Bxb6 axb3 20.
Rxd8+ Rxd8 21. Bxc7 Rd7 22. axb3 Rxc7 23. Rxe4 Rxc3 24. Re8+ Kg7 25. g3 Rxb3
26. Rb8 b5 27. Kg2 Kf6 28. Rb7 b4 29. Rb6+ Ke5 30. Rb7 Kf6 31. Rb6+ Kg7 32.
Rb7 h5 33. h4 Rb1 34. Rb6 b3 35. Kh2 Kf8 36. Kg2 Ke7 37. Rb7+ Ke6 38. Rb6+
Kd5 39. Rb7 Kc4 40. Rxf7 Rd1 41. Rc7+ Kd3 42. Rd7+ Kc2 43. Rc7+ Kb1 44. Rc6
b2 45. Rxg6 Rd3 46. f4 Kc2 47. Rc6+ Rc3 48. Rb6 Rb3 49. Rc6+ Kd3 50. Rd6+
Ke4 51. Rd1 b1=Q 52. Rxb1 Rxb1 53. Kh3 Rb2 54. g4 Kxf4 55. gxh5 Rb3+ 56. Kg2
Rb5 57. h6 Rh5 {White resigns} 0-1

[Event "ICC tourney 2785 (30 10)"]
[Site "Internet Chess Club"]
[Date "2022.01.02"]
[Round "4"]
[White "SHEEHAN, ETHAN THOMAS:Chessking2008"]
[Black "SHAWKAT, SAIF:saif-shawkat"]
[Result "1-0"]
[ICCResult "Black resigns"]
[WhiteElo "2197"]
[BlackElo "1976"]
[Opening "King's Indian: orthodox, 7...Nbd7"]
[ECO "E94"]
[NIC "KI.14"]
[Time "18:00:11"]
[PlyCount "53"]
[TimeControl "1800+10"]

1. c4 g6 2. e4 Bg7 3. d4 d6 4. Nc3 Nf6 5. Be2 O-O 6. Nf3 e5 7. O-O Nbd7 8.
Qc2 Qe7 9. Rd1 c6 10. d5 c5 11. a3 Ne8 12. Ne1 f5 13. Nd3 Ndf6 14. f3 f4 15.
b4 b6 16. a4 g5 17. a5 cxb4 18. Nxb4 g4 19. Nc6 Qf7 20. axb6 g3 21. h3 Qb7
22. c5 axb6 23. Rxa8 Qxa8 24. cxb6 Bb7 25. Qa2 Qxa2 26. Nxa2 Nd7 27. Na5
{Black resigns}
1-0